 Dungeon Crawl Stone Soup version 0.30-a0-55-g90e3122c3a (webtiles) character file.

Game seed: 13818337869388616067

164 Decritt the Trooper (level 5, -2/34 HPs)
             Began as a Gargoyle Fighter on Sept 10, 2022.
             Slain by a gnoll
             ... wielding a +0 club
              (6 damage)
             ... on level 4 of the Dungeon.
             The game lasted 00:04:12 (3024 turns).

Decritt the Trooper (Gargoyle Fighter)              Turns: 3024, Time: 00:04:12

Health: -2/34      AC: 14    Str: 22    XL:     5   Next: 45%
Magic:  5/5        EV:  7    Int:  8    God:
Gold:   107        SH:  4    Dex:  9    Spells: 4/4 levels left

rFire   . . .      SeeInvis .    t - +1 dagger (elec)
rCold   . . .      Faith    .    c - +0 buckler
rNeg    + . .      Spirit   .    o - +0 chain mail
rPois   ∞          Reflect  .    (no helmet)
rElec   +          Harm     .    (no cloak)
rCorr   +          Rampage  .    (no gloves)
Will    .....                    n - +0 pair of boots
Stlth   ..........               (no amulet)
HPRegen 0.11/turn                g - ring of resist corrosion
MPRegen 0.09/turn                (no ring)

@: no status effects
A: sickness immunity, AC +4, negative energy resistance 1, electricity
resistance, torment resistance 1, petrification resistance
a: no special abilities


You were on level 4 of the Dungeon.
You visited 1 branch of the dungeon, and saw 4 of its levels.

You collected 107 gold pieces.

Inventory:

Hand Weapons
 a - a +0 flail
 t - a +1 dagger of electrocution (weapon)
Armour
 b - a +0 scale mail
 c - a +0 buckler (worn)
 n - a +0 pair of boots (worn)
 o - a +0 chain mail (worn)
Jewellery
 g - a ring of resist corrosion (left hand)
 k - a ring of magical power
 w - a +6 ring of intelligence
Wands
 v - a wand of flame (8)
Scrolls
 d - a scroll of poison {unknown}
 e - a scroll of immolation {unknown}
 f - 2 scrolls of fear
 p - a scroll of enchant armour {unknown}
 q - a scroll of blinking {unknown}
Potions
 h - 6 potions of flight
 i - 2 potions of mutation
 j - a potion of heal wounds
 l - a potion of resistance {unknown}
 m - a potion of curing {unknown}
 s - a potion of degeneration {unknown}
 u - a potion of haste {unknown}
 x - a potion of lignification {unknown}


   Skills:
 * Level 4.8 Fighting
 + Level 3.0 Maces & Flails
 + Level 4.1 Armour
 + Level 4.1 Shields


You had 4 spell levels left.
You didn't know any spells.
Your spell library contained the following spells:

 Spells                   Type           Power      Damage    Failure   Level
 Apportation              Tloc           0%         N/A       99%         1
 Beastly Appendage        Tmut           0%         N/A       99%         1
 Necrotise                Necr           0%         1d4       99%         1
 Summon Small Mammal      Summ           0%         N/A       99%         1
 Wereblood                Tmut           0%         N/A       100%        2
 Dazzling Flash           Conj/Hex       0%         N/A       100%        3
 Spider Form              Tmut/Pois      0%         N/A       100%        3
 Iskenderun's Mystic Bla  Conj/Tloc      0%         2d3       100%        4
 Starburst                Conj/Fire      0%         6d3       100%        6


Dungeon Overview and Level Annotations

Branches:
Dungeon (4/15)
 Temple: D:4-7

Altars:
Fedhas

Shops:
D:1 [   D:4 [


Innate Abilities, Weirdness & Mutations

You are immune to sickness and miasma.
Your stone body is resilient. (AC +4)
You are immune to poison.
You resist negative energy. (rN+)
You are resistant to electric shocks. (rElec)
You are resistant to unholy torment.
You are immune to petrification.


Message History

The gnoll barely misses you. The gnoll hits you but does no damage.
The gnoll hits you with a +0 flail.
* * * LOW HITPOINT WARNING * * *
You hit the gnoll.
You kill the gnoll!
The gnoll hits you with a +0 club.
* * * LOW HITPOINT WARNING * * *
The gnoll hits you but does no damage.
You hit the gnoll but do no damage.
The gnoll is moderately wounded.
The gnoll hits you but does no damage. x2
Unknown command.
You hit the gnoll but do no damage. Lightning courses through the gnoll!
You kill the gnoll!
The gnoll hits you but does no damage.
Your Maces & Flails skill increases to level 3!
You barely miss the gnoll. The gnoll hits you but does no damage.
You closely miss the gnoll. The gnoll hits you with a +0 club.
* * * LOW HITPOINT WARNING * * *
You barely miss the gnoll. The gnoll hits you with a +0 club.
* * * LOW HITPOINT WARNING * * *
You hit the gnoll.
The gnoll is moderately wounded.
The gnoll hits you with a +0 club.
* * * LOW HITPOINT WARNING * * *
You barely miss the gnoll.
The gnoll is moderately wounded.
The gnoll hits you with a +0 club.
* * * LOW HITPOINT WARNING * * *
You hit the gnoll.
The gnoll is heavily wounded.
The gnoll barely misses you.
You barely miss the gnoll.
The gnoll is heavily wounded.
The gnoll hits you with a +0 club.
* * * LOW HITPOINT WARNING * * *
You hit the gnoll.
The gnoll is almost dead.
The gnoll hits you with a +0 club.
You die...

#.......#...#
#.......#...#
#.......#...#
#########...#
#######...#
+.........#
#.........#
#...####.).#
### ##@g.#
#))..# +....#
#$...# ##...#
#...# ....#
....# )...#


You could see a gnoll.

Vanquished Creatures
  A scorpion (D:4)
  Jessica (D:2)
  3 gnolls (D:4)
  2 worms (D:2)
  2 dart slugs
  4 ball pythons
  3 bats (D:3)
  4 endoplasms
  2 giant cockroaches
  4 goblins
  3 hobgoblins
  3 jackals (D:3)
  3 kobolds
  3 quokkas
  A frilled lizard (D:1)
  2 rats
41 creatures vanquished.

Notes
Turn   | Place    | Note
-------+----------+-------------------------------------------
     0 | D:1      | Decritt the Gargoyle Fighter began the quest for the Orb.
     0 | D:1      | Reached XP level 1. HP: 14/14 MP: 1/1
   301 | D:1      | Reached XP level 2. HP: 15/19 MP: 2/2
   424 | D:1      | Found Hifec Moa's Antique Armour Emporium.
  1061 | D:2      | Reached XP level 3. HP: 16/24 MP: 3/3
  1179 | D:2      | Noticed Jessica
  1203 | D:2      | Killed Jessica
  1635 | D:2      | Found a faded altar of an unknown god.
  1647 | D:2      | Reached XP level 4. HP: 23/29 MP: 4/4
  2353 | D:3      | Found a blossoming altar of Fedhas.
  2778 | D:4      | Found Ihoots's Armour Emporium.
  2806 | D:4      | Noticed a scorpion
  2835 | D:4      | Killed a scorpion
  2836 | D:4      | Reached XP level 5. HP: 20/34 MP: 5/5
  3011 | D:4      | HP: 1/34 [gnoll/+0 flail (4)]
  3024 | D:4      | Slain by a gnoll

Illustrated notes

Levels and vault maps discovered:
D:1:      eino_arrival_cavern_e, layout_basic, serial_shops, shop,
          serial_bayou_ford_a, hex_intersection
D:2:      layout_rooms, basic_ecumenical_altar, uniq_jessica
D:3:      layout_loops_corners, general_overflow_altar
D:4:      nicolae_BIG_FREAKIN_CUBE, layout_gridville,
          mainiacjoe_overflow_cross_hatched, minmay_temple_entry_purple_smoke,
          serial_shops, nicolae_shop_waterfront

Skill      XL: |  1  2  3  4  5 |
---------------+----------------+-----
Fighting       | 4 |  4.8
Armour         | 4 |  4.1
Shields        | 4 |  4.1
Maces & Flails | 3 |  3.0

Action                   |  1- 3 |  4- 6 || total
-------------------------+-------+-------++-------
Melee: Flail             |    29 |       ||    29
       Dagger            |    57 |   120 ||   177
  Use: Potion            |     1 |     1 ||     2
       Scroll            |       |     4 ||     4
Armor: Scale mail        |     8 |       ||     8
       Chain mail        |    42 |    73 ||   115
Dodge: Dodged            |    28 |    52 ||    80
Block: Buckler           |    15 |    24 ||    39

Table legend: (Time is in decaauts)
 A = Elapsed time spent in this place.
 B = Non-inter-level travel time spent in this place.
 C = Inter-level travel time spent in this place.
 D = Time resting spent in this place.
 E = Time spent auto-exploring this place.
 F = Levels seen in this place.
 G = Mean time per level.
                   A        B        C        D        E       F      G
               +--------+--------+--------+--------+--------+-----+--------+
         Total |   3052 |   2931 |    121 |    261 |   2225 |   4 |  763.0 |
       Dungeon |   3052 |   2931 |    121 |    261 |   2225 |   4 |  763.0 |
               +--------+--------+--------+--------+--------+-----+--------+

Top non-repeatable levels by time:
     D:3: 952 daAuts
     D:2: 907 daAuts
     D:1: 867 daAuts
     D:4: 324 daAuts
